 Dungeon Crawl Stone Soup version 0.31.0-12-g77e489cdc1 (webtiles) character file.

Game seed: 8892306452034703397

714 Waxwerks the Trooper (level 7, -2/59 HPs)
             Began as a Demonspawn Brigand on Mar 1, 2024.
             Succumbed to a scorpion's poison
             ... on level 4 of the Dungeon.
             The game lasted 00:07:42 (5734 turns).

Waxwerks the Trooper (Demonspawn Brigand)           Turns: 5734, Time: 00:07:42

Health: -2/59      AC:  4    Str: 11    XL:     7   Next: 41%
Magic:  7/7        EV: 13    Int: 12    God:
Gold:   261        SH:  0    Dex: 16    Spells: 6/6 levels left

rFire   . . .        a - +2 dagger
rCold   . . .        (no shield)
rNeg    . . .        b - +0 robe
rPois   .            (helmet restricted)
rElec   .            c - +0 cloak
rCorr   .            (no gloves)
SInv    .            (boots unavailable)
Will    .....        (no amulet)
Stlth   +++          (no ring)
HPRegen 0.29/turn    (no ring)
MPRegen 0.10/turn

%: clarity
@: brilliant, lethally poisoned (-2 -> -17), studying Ranged Weapons
A: hooves 3, rugged brown scales 1, demonic magic 1, claws 1, horns 1, clarity
a: no special abilities


You were on level 4 of the Dungeon.
You visited 1 branch of the dungeon, and saw 4 of its levels.
You also visited: Sewer.

You collected 261 gold pieces.


Innate Abilities, Weirdness & Mutations

You have hooves in place of feet.
You are partially covered in rugged brown scales. (AC +1, +3% HP)
Spells you cast may paralyse adjacent enemies.
You have sharp fingernails.
You have a pair of small horns on your head.
You possess an exceptional clarity of mind.


   Skills:
 - Level 6.0 Fighting
 - Level 1.7 Short Blades
 + Level 4.9 Ranged Weapons
 - Level 1.7 Throwing
 - Level 4.0 Dodging
 - Level 3.6 Stealth


You had 6 spell levels left.
You didn't know any spells.
Your spell library contained the following spells:

 Spells                   Type           Power      Damage    Failure   Level
 Volatile Blastmotes      Fire/Tloc      0%         2d10      69%         3
 Fulminant Prism          Conj/Alch      0%         3d5       97%         4
 Iskenderun's Mystic Bla  Conj/Tloc      0%         2d3       97%         4

Inventory:

Hand Weapons
 a - a +2 dagger (weapon)
Missiles
 d - 12 poisoned darts (quivered)
 e - 3 curare-tipped darts {=f}
Armour
 b - a +0 robe (worn)
 c - a +0 cloak (worn)
 n - a +0 helmet
Jewellery
 I - a +6 ring of intelligence
Talismans
 g - a talisman of death
Wands
 t - a wand of flame (6)
 w - a wand of quicksilver (11)
Scrolls
 f - a scroll of teleportation {unknown}
 k - 2 scrolls of identify {unknown}
 l - a scroll of poison {unknown}
 m - a scroll of blinking
 r - a scroll of immolation {unknown}
 s - a scroll of enchant weapon {unknown}
Potions
 h - a potion of lignification {unknown}
 j - a potion of mutation
 o - a potion of degeneration {unknown}
 p - a potion of heal wounds {unknown}
 u - a potion of ambrosia {unknown}
 v - a potion of curing {unknown}
Miscellaneous
 q - a phantom mirror

Dungeon Overview and Level Annotations

Branches:
Dungeon (4/15)              Sewer (visited)
 Temple: D:4-7

Altars:

Shops:
D:1

= ###
..# #.#
#.# #.#
#s# #@#
#####.#
#...#.##
#.#....#
#...#.##
##.####
#.# #.#
#.#


You could see a scorpion.


Message History

You completely miss the scorpion.
The scorpion is heavily wounded.
You feel sick. The scorpion completely misses you. The scorpion stings you.
* * * LOW HITPOINT WARNING * * *
You are lethally poisoned!
The scorpion poisons you!
You hit the scorpion. You kick the scorpion.
The scorpion is severely wounded.
* * * LOW HITPOINT WARNING * * *
You feel very sick. The scorpion closely misses you.
You hit the scorpion but do no damage. You kick the scorpion.
The scorpion is severely wounded.
* * * LOW HITPOINT WARNING * * *
You feel very sick.
The scorpion stings you but does no damage.
Unknown command.
* * * LOW HITPOINT WARNING * * *
You feel very sick.
It was a potion of mutation.
You feel extremely strange.
Your feet have mutated into hooves.
Your fingernails lengthen.
A pair of horns grows on your head!
Your thoughts seem clearer.
* * * LOW HITPOINT WARNING * * *
You feel sick. The scorpion stings you.
* * * LOW HITPOINT WARNING * * *
You are more poisoned.
The scorpion poisons you!
It was a potion of brilliance.
You feel clever all of a sudden.
You die...

Skill      XL: |  1  2  3  4  5  6  7 |
---------------+----------------------+-----
Fighting       | 3 4 6 |  6.0
Dodging        | 1 3 4 |  4.0
Ranged Weapons | 3 4 |  4.9
Short Blades   | |  1.7
Throwing       | |  1.7
Stealth        | |  3.6

Action                     |  1- 3 |  4- 6 |  7- 9 || total
---------------------------+-------+-------+-------++-------
  Melee: Dagger            |   145 |   342 |    33 ||   520
         Kick              |    14 |    87 |     9 ||   110
         Punch             |     1 |     1 |       ||     2
  Throw: Dart              |       |     5 |     2 ||     7
    Use: Potion            |       |       |     2 ||     2
   Stab: Sleeping          |     8 |     6 |     1 ||    15
         Distracted        |     1 |     1 |       ||     2
 Armour: Robe              |    73 |   163 |    26 ||   262
  Dodge: Dodged            |    76 |   227 |    29 ||   332

Levels and vault maps discovered:
D:1:      psy_arrival_spokes, layout_basic, hellmonk_ecumenical_altar_zigzags,
          serial_shops, nicolae_shop_just_a_little_nook, grunt_decor_resistance
D:2:      layout_basic, serial_glass, glass_columns_a, glass_columns_a
D:3:      layout_loops_corners, portal_sewer_entry_a, dk_vineyard_2,
          minmay_checkerbox, uniq_natasha, uniq_robin
D:4:      layout_loops_ring, uniq_edmund

Notes
Turn   | Place    | Note
-------+----------+-------------------------------------------
     0 | D:1      | Waxwerks the Demonspawn Brigand began the quest for the
                  | Orb.
     0 | D:1      | Reached XP level 1. HP: 16/16 MP: 1/1
   299 | D:1      | Gained mutation: You are partially covered in rugged brown
                  | scales. (AC +1, +3% HP) [demonic ancestry]
   299 | D:1      | Reached XP level 2. HP: 17/23 MP: 2/2
   530 | D:1      | Reached skill level 3 in Fighting
   640 | D:1      | Found Iro Luir's Jewellery Emporium.
   852 | D:1      | Gained mutation: You have large cloven feet. [demonic
                  | ancestry]
   852 | D:1      | Reached XP level 3. HP: 29/29 MP: 3/3
   959 | D:1      | Found a faded altar of an unknown god.
  1542 | D:2      | Reached skill level 4 in Fighting
  1560 | D:2      | Reached skill level 1 in Dodging
  1933 | D:2      | Reached XP level 4. HP: 19/38 MP: 4/4
  2209 | D:2      | Reached skill level 2 in Dodging
  2298 | D:3      | Noticed Natasha
  2308 | D:3      | Killed Natasha
  2368 | D:3      | Noticed Robin
  2511 | D:3      | Found a glowing drain.
  2552 | D:3      | Reached skill level 3 in Dodging
  2559 | Sewer    | Entered a sewer
  2663 | Sewer    | Gained mutation: You have hoof-like feet. [demonic
                  | ancestry]
  2663 | Sewer    | Reached XP level 5. HP: 36/43 MP: 5/5
  3217 | Sewer    | Reached skill level 4 in Dodging
  3227 | Sewer    | Gained mutation: Spells you cast may paralyse adjacent
                  | enemies. [demonic ancestry]
  3227 | Sewer    | Reached XP level 6. HP: 28/50 MP: 6/6
  3342 | Sewer    | HP: 3/50 [bullfrog (8)]
  3345 | Sewer    | Reached skill level 5 in Fighting
  3654 | D:3      | Noticed Natasha
  3662 | D:3      | Killed Natasha
  3926 | D:3      | Killed Robin
  3942 | D:3      | HP: 4/52 [goblin/sling bullet[Robin] (4)]
  4400 | D:3      | Noticed Natasha
  4411 | D:3      | Killed Natasha
  4939 | D:4      | Reached skill level 6 in Fighting
  4939 | D:4      | Reached skill level 1 in Ranged Weapons
  5041 | D:4      | Noticed Edmund
  5063 | D:4      | Killed Edmund
  5064 | D:4      | Reached skill level 3 in Ranged Weapons
  5064 | D:4      | Reached XP level 7. HP: 13/59 MP: 7/7
  5353 | D:4      | Reached skill level 4 in Ranged Weapons
  5733 | D:4      | Gained mutation: You have hooves in place of feet. [potion
                  | of mutation]
  5733 | D:4      | Gained mutation: You have sharp fingernails. [potion of
                  | mutation]
  5733 | D:4      | Gained mutation: You have a pair of small horns on your
                  | head. [potion of mutation]
  5733 | D:4      | Gained mutation: You possess an exceptional clarity of
                  | mind. [potion of mutation]
  5733 | D:4      | HP: 1/59 [scorpion (6)]
  5734 | D:4      | Succumbed to a scorpion's poison

Vanquished Creatures
  Edmund (D:4)
  A black bear (D:4)
  2 bullfrogs (Sewer)
  A scorpion (D:4)
  Natasha (thrice) (D:3)
  Robin (D:3)
  A river rat (D:3)
  6 adders
  16 dart slugs
  2 ribbon worms
  An orc (D:4)
  12 ball pythons
  4 bats
  14 endoplasms
  14 giant cockroaches
  16 goblins
  18 hobgoblins
  5 jackals
  4 quokkas
  13 frilled lizards
  6 kobolds
  5 rats
146 creatures vanquished.

Table legend: (Time is in decaauts)
 A = Elapsed time spent in this place.
 B = Non-inter-level travel time spent in this place.
 C = Inter-level travel time spent in this place.
 D = Time resting spent in this place.
 E = Time spent auto-exploring this place.
 F = Levels seen in this place.
 G = Mean time per level.
                   A        B        C        D        E       F      G
               +--------+--------+--------+--------+--------+-----+--------+
         Total |   5767 |   5631 |    136 |   1261 |   3281 |   5 | 1153.4 |
       Dungeon |   4747 |   4611 |    136 |    874 |   2979 |   4 | 1186.8 |
         Sewer |   1020 |   1020 |      0 |    387 |    301 |   1 | 1020.0 |
               +--------+--------+--------+--------+--------+-----+--------+

Top non-repeatable levels by time:
     D:3: 1362 daAuts
     D:1: 1294 daAuts
     D:2: 1122 daAuts
   Sewer: 1020 daAuts
     D:4: 969 daAuts

Table legend:
 A = Non-vault XP
 B = Vault XP
 C = Vault XP percentage of total XP
 D = Non-vault monster count
 E = Vault monster count
 F = Vault count percentage of total count
                 A         B        C        D         E       F
            +---------+---------+-------+---------+---------+-------
      Total |     442 |     578 |  56.7 |      77 |      69 |  47.3
            +---------+---------+-------+---------+---------+-------
        D:1 |      54 |       0 |   0.0 |      28 |       0 |   0.0
        D:2 |      61 |       0 |   0.0 |      21 |       0 |   0.0
        D:3 |      88 |     125 |  58.7 |      13 |      21 |  61.8
        D:4 |     239 |     157 |  39.6 |      15 |       1 |   6.2
      Sewer |       0 |     296 | 100.0 |       0 |      47 | 100.0
            +---------+---------+-------+---------+---------+-------
